 Dungeon Crawl Stone Soup version 0.26.1-10-gdfb7c7de75 (webtiles) character file.

Game seed: 3756217246941277641

1008 Almogavar the Chiller (level 8, -4/54 HPs)
             Began as a Merfolk Ice Elementalist on Apr 10, 2021.
             Was a Follower of Sif Muna.
             Slain by an orc warrior
             ... wielding a +0 mace
              (12 damage)
             ... on level 6 of the Dungeon.
             The game lasted 00:24:55 (6437 turns).

Almogavar the Chiller (Merfolk Ice Elementalist)    Turns: 6437, Time: 00:24:56

Health: -4/54      AC:  6    Str:  8    XL:     8   Next: 20%
Magic:  14/17      EV: 11    Int: 16    God:    Sif Muna [*.....]
Gold:   328        SH:  0    Dex: 15    Spells: 18/19 levels left

rFire    . . .     SeeInvis .   r - +0 trident
rCold    . . .     Faith    .   (no shield)
rNeg     . . .     Spirit   .   b - +0 ring mail
rPois    +         Reflect  .   (no helmet)
rElec    .         Harm     .   (no cloak)
rCorr    .         Rampage  .   (no gloves)
Will     .....                  g - +0 pair of boots
Stlth    ++........             n - amulet of magic regeneration
HPRegen  0.18/turn              c - ring of wizardry
MPRegen  0.40/turn              h - ring of poison resistance

@: very slightly contaminated
A: change form in water, swift swim, stealthy swim
a: Renounce Religion, Channel Magic


You were on level 6 of the Dungeon.
You worshipped Sif Muna.
Sif Muna was aware of your devotion.
You visited 2 branches of the dungeon, and saw 7 of its levels.

You collected 328 gold pieces.

Inventory:

Hand Weapons
 r - a +0 trident (weapon)
Missiles
 o - 109 sling bullets
Armour
 a - a +0 helmet
 b - a +0 ring mail (worn)
 g - a +0 pair of boots (worn)
 w - a +1 chain mail of fire resistance
 B - a cursed +0 buckler
Magical Staves
 C - an uncursed staff of earth
Jewellery
 c - a ring of wizardry (left hand)
 h - a ring of poison resistance (right hand)
 n - an amulet of magic regeneration (around neck)
 A - an uncursed amulet of regeneration {unknown}
Wands
 v - a wand of polymorph (8)
 z - a wand of flame (22)
Scrolls
 d - 5 scrolls of teleportation
 f - 2 scrolls of fear
 i - a scroll of enchant weapon
 k - 3 scrolls of blinking
 q - a scroll of enchant armour
 s - 4 scrolls of remove curse {unknown}
 t - 2 scrolls of noise {unknown}
 x - a scroll of fog {unknown}
 y - 3 scrolls of magic mapping {unknown}
Potions
 e - 5 potions of curing
 j - a potion of ambrosia {unknown}
 l - a potion of might
 m - 2 potions of berserk rage {unknown}
 p - 5 potions of heal wounds {unknown}
 u - a potion of haste {unknown}


   Skills:
 + Level 1.0 Fighting
 + Level 3.1 Polearms
 + Level 1.4 Armour
 + Level 3.3 Dodging
 + Level 3.0 Stealth
 + Level 6.0 Spellcasting
 + Level 7.1 Ice Magic


You had 18 spell levels left.
You knew the following spells:

 Your Spells              Type           Power        Failure   Level
a - Freeze                Ice            100%         1%          1

Your spell library contained the following spells:

 Spells                   Type           Power        Failure   Level
 Frozen Ramparts          Ice            54%          2%          3
 Ozocubu's Armour         Ice            27%          2%          3
 Hailstorm                Conj/Ice       16%          34%         4
 Summon Ice Beast         Ice/Summ       16%          34%         4


Dungeon Overview and Level Annotations

Branches:
Dungeon (6/15)             Temple (1/1) D:4

Altars:
Cheibriados
Gozag
Hepliaklqana
Sif Muna
Trog
Vehumet
Wu Jian
Zin


Message History

The orc warrior is moderately wounded.
The orc warrior closely misses you.
Casting: Freeze (safe; 1% risk of failure)
Confirm with . or Enter, or press ? or * to list all spells.
Aiming: Freeze (safe; 1% risk of failure)
Press: ? - help, Shift-Dir - straight line, f/p - orc warrior
Aim: an orc warrior, wielding a +0 mace and wearing a +0 chain mail (moderately wounded)
You freeze the orc warrior.
The orc warrior is heavily wounded.
The orc warrior hits you with a +0 mace.
* * * LOW HITPOINT WARNING * * *
Casting: Freeze (safe; 1% risk of failure)
Confirm with . or Enter, or press ? or * to list all spells.
Aiming: Freeze (safe; 1% risk of failure)
Press: ? - help, Shift-Dir - straight line, f/p - orc warrior
Aim: an orc warrior, wielding a +0 mace and wearing a +0 chain mail (heavily wounded)
You freeze the orc warrior.
The orc warrior is heavily wounded.
The orc warrior hits you with a +0 mace!
You die...

# #..........#
#####..........#
...............#
..............>#
..###......o...# ###
##########o#
########.#
#######.....##.###
...............o@#
............##.#.#
#####.......##.#.####
....#.......##...##.#
....#............##.#
....#[......##...##.#
###
#...#.......##...##.#
#.#
#...#...†.....#.....#
#.#
#...#..###...†#...#.#
#.#


You could see an orc warrior.

Vanquished Creatures
  2 eyes of draining (D:4)
  2 ogres
  A necrophage (D:6)
  A scorpion (D:4)
  A howler monkey (D:5)
  3 orc priests
  3 orc wizards
  2 hounds
  A bullfrog skeleton (D:4)
  An iguana (D:4)
  2 worker ants
  A gnoll (D:1)
  5 adders
  2 oozes
  An adder zombie (D:5)
  2 adder skeletons
  A worm (D:2)
  A dart slug (D:1)
  5 leopard geckos
  4 orcs
  A ball python (D:1)
  9 giant cockroaches
  9 goblins
  3 hobgoblins (D:1)
  7 jackals (D:1)
  6 kobolds
  3 quokkas
  6 bats
  4 frilled lizards
  A giant cockroach zombie (D:2)
  A jackal skeleton (D:5)
  4 rats
95 creatures vanquished.

Vanquished Creatures (others)
  A plant (D:2)
1 creature vanquished.

Grand Total: 96 creatures vanquished

Notes
Turn   | Place    | Note
-------+----------+-------------------------------------------
     0 | D:1      | Almogavar the Merfolk Ice Elementalist began the quest for
                  | the Orb.
     0 | D:1      | Reached XP level 1. HP: 13/13 MP: 3/3
   369 | D:1      | Reached XP level 2. HP: 19/19 MP: 1/5
   726 | D:1      | Reached skill level 5 in Ice Magic
   726 | D:1      | Reached XP level 3. HP: 15/24 MP: 0/6
  1035 | D:1      | You fall into a shaft and drop 1 floor!
  1775 | D:2      | Reached XP level 4. HP: 30/30 MP: 6/8
  2377 | D:2      | Found a snail-covered altar of Cheibriados.
  3339 | D:3      | Reached XP level 5. HP: 12/35 MP: 4/10
  3927 | D:4      | Found a staircase to the Ecumenical Temple.
  3938 | Temple   | Entered the Ecumenical Temple
  3948 | Temple   | Became a worshipper of Sif Muna the Loreminder
  4319 | D:4      | Reached XP level 6. HP: 41/41 MP: 8/12
  4466 | D:4      | Found a bloodstained altar of Trog.
  4466 | D:4      | Noticed an eye of draining
  4527 | D:4      | Killed an eye of draining
  4528 | D:4      | Reached skill level 1 in Polearms
  4612 | D:4      | Noticed an eye of draining
  4632 | D:4      | Killed an eye of draining
  4633 | D:4      | Reached skill level 6 in Ice Magic
  4633 | D:4      | Reached XP level 7. HP: 47/47 MP: 1/14
  4762 | D:5      | Entered Level 5 of the Dungeon
  4856 | D:5      | Reached skill level 5 in Spellcasting
  4912 | D:5      | Reached skill level 1 in Armour
  5389 | D:5      | Found an opulent altar of Gozag.
  5389 | D:5      | Found a glowing silver altar of Zin.
  5772 | D:6      | Reached skill level 1 in Fighting
  5867 | D:6      | Reached * piety under Sif Muna
  5868 | D:6      | Reached XP level 8. HP: 44/54 MP: 13/16
  6000 | D:6      | Reached skill level 7 in Ice Magic
  6437 | D:6      | Slain by an orc warrior

Illustrated notes

Levels and vault maps discovered:
D:1:      minmay_arrival_stone_box, layout_basic, minmay_pentomino_q2
D:2:      minmay_skewed_foursquare, layout_basic, lemuel_coloured_pillars_altar,
          serial_bayou_pond_e, kennysheep_another_room
D:3:      cheibrodos_pilgrimage, layout_basic
D:4:      layout_rooms, minmay_temple_entry_junction, trog_eyes_of_draining
D:5:      layout_cave_pools, grunt_temple_overflow_gold_and_silver
D:6:      layout_basic, kennysheep_little_box, kennysheep_path_1
Temple:   eino_temple_scatter_basement

Skill      XL: |  1  2  3  4  5  6  7  8 |
---------------+-------------------------+-----
Dodging        | 3 |  3.3
Ice Magic      | 5 6 7 |  7.1
Spellcasting   | 3 4 5 6 |  6.0
Polearms       | 2 3 |  3.1
Armour         | 1 |  1.4
Fighting       | 1 |  1.0
Stealth        | 3 |  3.0

Action                   |  1- 3 |  4- 6 |  7- 9 || total
-------------------------+-------+-------+-------++-------
Melee: Unarmed           |    20 |       |       ||    20
       Dagger            |    10 |     1 |       ||    11
       Trident           |       |    56 |    29 ||    85
 Cast: Freeze            |    58 |    71 |    63 ||   192
  Use: Scroll            |     4 |     5 |     3 ||    12
 Stab: Sleeping          |       |     2 |     1 ||     3
       Distracted        |       |     1 |       ||     1
Armor: Robe              |    13 |     6 |       ||    19
       Ring mail         |       |     7 |    15 ||    22
Dodge: Dodged            |    59 |    35 |    28 ||   122
